[Event "Titled Tuesday Blitz May 30 Late 2023"]
[White "Talbi, Chafik"]
[Black "Vlassov, Nikolai"]
[WhiteFideId "7903715"]
[BlackFideId "4103360"]
[WhiteElo "2186"]
[BlackElo "2324"]
[Result "1-0"]
[Round "02"]
[TimeControl "180+2"]
[Date "2023.05.31"]
[WhiteClock "0:00:18"]
[BlackClock "0:00:06"]

1. e4 c5 2. c3 Nf6 3. e5 Nd5 4. d4 cxd4 5. cxd4 d6 6. Nf3 Nc6 7. Bc4 dxe5 8. dxe5 Ndb4 9. Qb3 e6 10. O-O Na5 11. Bb5+ Bd7 12. Qa4 Bxb5 13. Qxb5+ Nac6 14. Nc3 a6 15. Qe2 Qd3 16. Rd1 Qxe2 17. Nxe2 Be7 18. a3 Nd5 19. Nf4 O-O-O 20. Nxd5 Rxd5 21. Rxd5 exd5 22. Bf4 Kd7 23. Rd1 Ke6 24. h3 Rd8 25. Kf1 h6 26. g4 g5 27. Bg3 Bf8 28. h4 gxh4 29. Nxh4 d4 30. f4 Kd5 31. Kg2 Kc4 32. Kf3 Kb3 33. Rd2 d3 34. Nf5 Ka2 35. Bf2 a5 36. Ke4 a4 37. Bb6 Rd7 38. Ne3 Kb3 39. Nd5 Ne7 40. Nxe7 Bxe7 41. f5 Bg5 42. Rxd3+ Rxd3 43. Kxd3 Kxb2 44. Bc5 b5 45. e6 fxe6 46. fxe6 Kb3 47. e7 Bxe7 48. Bxe7 Kb2 49. Ke4 Kc3 50. Kf5 Kd4 51. Kg6 Ke5 52. Kxh6 Ke6 53. Bb4 1-0


[Site "https://www.chess.com"]

[Event "Titled Tuesday Blitz May 30 Late 2023"]
[White "Qiao, Cindy"]
[Black "Zheng, Richard"]
[WhiteFideId "2620243"]
[BlackFideId "2624893"]
[WhiteElo "1777"]
[BlackElo "2639"]
[Result "0-1"]
[Round "02"]
[TimeControl "180+2"]
[Date "2023.05.31"]
[WhiteClock "0:00:16"]
[BlackClock "0:00:20"]

1. e4 c6 2. d4 d5 3. exd5 cxd5 4. Bd3 Nc6 5. c3 Qc7 6. Nf3 Bg4 7. Nbd2 e6 8. h3 Bh5 9. O-O Bd6 10. Re1 Nge7 11. Nf1 Bg6 12. Bg5 O-O 13. Bh4 Bxd3 14. Qxd3 Nf5 15. Bg5 Rfe8 16. Ne3 Nce7 17. Bxe7 Nxe7 18. Ng4 Ng6 19. Nge5 Rab8 20. a4 a6 21. a5 Bxe5 22. Nxe5 Nxe5 23. Rxe5 f6 24. Re2 g6 25. Rae1 Kf7 26. b4 Rbc8 27. Re3 Qc4 28. Qd2 Rc6 29. Rf3 Kg7 30. Qf4 e5 31. Qg4 Rce6 32. Rfe3 f5 33. Qg5 e4 34. Rg3 Qc7 35. Qxf5 Qxg3 36. Qxe6 Qxf2+ 37. Kxf2 Rxe6 38. Ke3 Rc6 39. Kd2 Rf6 40. Ke3 g5 41. Rc1 Rc6 42. c4 Kf6 43. Rf1+ Ke6 44. cxd5+ Kxd5 45. Rf5+ Kc4 46. Rc5+ Kxb4 47. Rxc6 bxc6 48. Kxe4 Kxa5 0-1


[Site "https://www.chess.com"]

[Event "Titled Tuesday Blitz May 30 Late 2023"]
[White "Zhao, Erick"]
[Black "Roberz12"]
[WhiteFideId "30946930"]
[WhiteElo "2631"]
[BlackElo "2351"]
[Result "1-0"]
[Round "02"]
[TimeControl "180+2"]
[Date "2023.05.31"]
[WhiteClock "0:02:17"]
[BlackClock "0:02:17"]

1. b3 f6 2. Bb2 e5 3. d4 e4 4. c4 c6 5. d5 Nh6 6. Nc3 Bb4 7. Qd4 Qe7 8. O-O-O Ng4 9. h3 Bc5 10. hxg4 Bxd4 11. Rxd4 O-O 12. Rxe4 Qc5 13. e3 d6 14. Bd3 f5 15. Re7 Na6 16. Na4 Rf7 17. Re8+ Rf8 18. Rxf8+ Kxf8 19. Nxc5 Nxc5 20. Bxf5 Bxf5 21. gxf5 h6 22. Kc2 Ne4 23. Nh3 Kf7 24. g4 cxd5 25. f3 Rc8 26. fxe4 dxc4 27. b4 1-0


[Site "https://www.chess.com"]

[Event "Titled Tuesday Blitz May 30 Late 2023"]
[White "Shapiro, Daniel"]
[Black "Saveliev, Alexei"]
[WhiteFideId "2001780"]
[BlackFideId "24128546"]
[WhiteElo "2350"]
[BlackElo "2271"]
[Result "1/2-1/2"]
[Round "02"]
[TimeControl "180+2"]
[Date "2023.05.31"]
[WhiteClock "0:00:08"]
[BlackClock "0:00:08"]

1. d4 g6 2. e4 Bg7 3. Nc3 d6 4. h3 Nc6 5. Nge2 e5 6. Be3 f5 7. g3 Nf6 8. Bg2 O-O 9. Qd2 fxe4 10. Nxe4 Nxe4 11. Bxe4 Bf5 12. Bxf5 Rxf5 13. O-O-O Qd7 14. f4 exf4 15. Bxf4 Re8 16. c3 Qf7 17. Kb1 b5 18. Nc1 b4 19. Qg2 d5 20. Rhe1 bxc3 21. bxc3 Na5 22. Nb3 Nc4 23. Rxe8+ Qxe8 24. Bxc7 Ne3 25. Re1 Bh6 26. Bf4 Bxf4 27. gxf4 Nxg2 28. Rxe8+ Kf7 29. Ra8 Nxf4 30. Rxa7+ Kg8 31. a4 Nxh3 32. a5 g5 33. a6 Rf6 34. Nc5 g4 35. Rb7 Rxa6 36. Nxa6 g3 37. Kc2 g2 38. Rb1 g1=Q 39. Rxg1+ Nxg1 40. Kd3 Kf7 41. Nc5 h5 42. Nb3 Nf3 43. Ke3 Ng5 44. Kf4 Kf6 45. Nd2 Ne6+ 46. Kf3 Kg5 47. Kg3 h4+ 48. Kf3 Kf5 49. Kg2 Kg4 50. c4 dxc4 51. Nxc4 Nxd4 52. Ne5+ Kf5 53. Nf3 Nxf3 54. Kxf3 Kg5 55. Kg2 Kg4 56. Kh1 h3 57. Kg1 Kh4 58. Kh1 Kg3 59. Kg1 h2+ 60. Kh1 Kh3 1/2-1/2


[Site "https://www.chess.com"]

[Event "Titled Tuesday Blitz May 30 Late 2023"]
[White "Padalka, Artem"]
[Black "Do Valle Cardoso, Lucas"]
[WhiteFideId "14118637"]
[BlackFideId "2163144"]
[WhiteElo "2073"]
[BlackElo "2372"]
[Result "0-1"]
[Round "02"]
[TimeControl "180+2"]
[Date "2023.05.31"]
[WhiteClock "0:00:46"]
[BlackClock "0:00:33"]

1. Nf3 d5 2. c4 d4 3. g3 g6 4. Bg2 Bg7 5. O-O Nf6 6. d3 O-O 7. b4 c5 8. b5 a6 9. a4 Nbd7 10. Bb2 e5 11. e3 Ne8 12. Nbd2 Nd6 13. exd4 exd4 14. Re1 Rb8 15. Nb3 b6 16. Nfd2 a5 17. Ne4 Nxe4 18. Bxe4 Nf6 19. Bg2 Bb7 20. Bxb7 Rxb7 21. Qf3 Re7 22. Kf1 Rfe8 23. Rxe7 Qxe7 24. Rd1 h5 25. Bc1 Qe6 26. Kg2 Qe2 27. Rd2 Qe1 28. Qc6 Re6 29. Qc7 Bh6 30. Nxc5 bxc5 31. b6 Bxd2 32. b7 Re8 33. b8=Q Rxb8 34. Qxb8+ Kg7 35. Ba3 Ng4 36. Kf3 Qxf2+ 37. Ke4 Qf5# 0-1


[Site "https://www.chess.com"]

[Event "Titled Tuesday Blitz May 30 Late 2023"]
[White "Isajevsky, Anton"]
[Black "Chyngyz, Sultai"]
[WhiteFideId "4142500"]
[BlackFideId "13803158"]
[WhiteElo "2510"]
[BlackElo "1408"]
[Result "1-0"]
[Round "02"]
[TimeControl "180+2"]
[Date "2023.05.31"]
[WhiteClock "0:00:16"]
[BlackClock "0:01:00"]

1. c4 Nf6 2. Nc3 g6 3. e4 d6 4. d4 Bg7 5. h3 O-O 6. Be3 e5 7. d5 a5 8. Nf3 Nfd7 9. g4 Nc5 10. Rg1 Nba6 11. a3 Kh8 12. Qc2 f5 13. gxf5 gxf5 14. O-O-O fxe4 15. Ng5 Bf5 16. Ngxe4 Nb4 17. axb4 axb4 18. Bxc5 bxc3 19. Ba3 cxb2+ 20. Bxb2 Qh4 21. f3 Qf4+ 22. Kb1 Qxf3 23. Bd3 Qe3 24. Ng5 Bxd3 25. Qxd3 Qxd3+ 26. Rxd3 Rf2 27. Ne6 Bf6 28. Rb3 Ra7 29. Nxc7 h5 30. Ne8 Be7 31. c5 dxc5 32. d6 Bd8 33. Bxe5+ Kh7 34. Rbg3 b5 35. Rg7+ Rxg7 36. Rxg7+ Kh6 37. Rd7 Bg5 38. Nc7 Rf1+ 39. Kc2 Rf2+ 40. Kd3 b4 41. Ke4 Rd2 42. Nd5 Re2+ 43. Kf5 Rf2+ 44. Ke6 b3 45. Rb7 c4 46. d7 Re2 47. Nf6 Rd2 48. Rb8 c3 49. d8=Q Rxd8 50. Rxd8 b2 51. Rb8 c2 52. Bxb2 h4 53. Ne4 c1=Q 54. Bxc1 Bxc1 55. Kf5 Kg7 56. Rb6 Kf7 57. Rc6 Ke7 58. Rxc1 Kd7 59. Rc3 Ke7 60. Rf3 Kd7 61. Rf4 Kc6 62. Rxh4 Kd5 63. Rg4 Kc4 64. h4 Kd3 65. h5 Kc4 66. h6 Kd5 67. h7 Kc4 68. h8=Q Kb5 69. Qe5+ Ka4 70. Ng5+ Kb3 71. Rd4 Kc2 72. Qe3 Kb1 73. Rd2 Kc1 74. Qe1# 1-0


[Site "https://www.chess.com"]

[Event "Titled Tuesday Blitz May 30 Late 2023"]
[White "Atanasov, Radislav"]
[Black "Filipascu"]
[WhiteFideId "2901471"]
[WhiteElo "2077"]
[BlackElo "2625"]
[Result "1-0"]
[Round "02"]
[TimeControl "180+2"]
[Date "2023.05.31"]
[WhiteClock "0:02:01"]
[BlackClock "0:01:23"]

1. e4 c5 2. c3 Nf6 3. e5 Nd5 4. d4 cxd4 5. Nf3 Nc6 6. cxd4 d6 7. Bc4 e6 8. O-O Be7 9. Re1 O-O 10. Qe2 Nb6 11. Bd3 Nb4 12. Be4 d5 13. Bd3 Nxd3 14. Qxd3 Bd7 15. Nc3 Rc8 16. h4 Na4 17. Ne2 Qb6 18. Ng5 Bxg5 19. hxg5 Bb5 20. Qe3 1-0


[Site "https://www.chess.com"]

[Event "Titled Tuesday Blitz May 30 Late 2023"]
[White "Haydon, David L"]
[Black "Sailer, Mike"]
[WhiteFideId "415405"]
[BlackFideId "2012901"]
[WhiteElo "2326"]
[BlackElo "2109"]
[Result "1/2-1/2"]
[Round "02"]
[TimeControl "180+2"]
[Date "2023.05.31"]
[WhiteClock "0:01:22"]
[BlackClock "0:00:06"]

1. d4 d5 2. Nf3 Bf5 3. c4 e6 4. g3 Nf6 5. Bg2 Be7 6. O-O O-O 7. Nc3 c6 8. b3 Nbd7 9. Bb2 h6 10. a3 Ne4 11. Qc1 Nxc3 12. Bxc3 Be4 13. Qb2 a6 14. Rfd1 b5 15. cxd5 cxd5 16. Rac1 Rc8 17. Ne5 Bxg2 18. Kxg2 Nxe5 19. dxe5 Bc5 20. Bb4 Bxb4 21. axb4 Qb6 22. Qd2 Qb7 23. Qd4 Rxc1 24. Rxc1 Rc8 25. Rc5 Rxc5 26. bxc5 a5 27. f3 Qc6 28. Qc3 a4 29. bxa4 bxa4 30. Kf2 g6 31. Qb4 Kg7 32. Ke3 Qa6 33. Qb6 Qxb6 34. cxb6 a3 35. b7 a2 36. b8=Q a1=Q 37. Kf2 Qd4+ 38. Kg2 Qe3 39. Qb2 d4 40. f4 Qe4+ 41. Kg1 Qe3+ 42. Kg2 Qe4+ 43. Kf2 Qe3+ 44. Kf1 d3 45. exd3 Qxd3+ 46. Qe2 Qb1+ 47. Kg2 Qb7+ 48. Qf3 Qb2+ 49. Kh3 Qc2 50. Qg4 Qd3 51. Qh4 Qf1+ 52. Kg4 Qe2+ 53. Kh3 Qf1+ 54. Kg4 Qe2+ 55. Kh3 Qf1+ 1/2-1/2


[Site "https://www.chess.com"]

[Event "Titled Tuesday Blitz May 30 Late 2023"]
[White "Korchmar, Vasiliy"]
[Black "KSho99"]
[WhiteFideId "24131750"]
[WhiteElo "2370"]
[BlackElo "2196"]
[Result "0-1"]
[Round "02"]
[TimeControl "180+2"]
[Date "2023.05.31"]
[WhiteClock "0:00:08"]
[BlackClock "0:00:04"]

1. e4 c6 2. d4 d5 3. e5 Bf5 4. Nd2 e6 5. Nb3 a6 6. Nf3 c5 7. dxc5 Bxc5 8. Nfd4 Bg6 9. h4 h5 10. Bg5 Be7 11. Be3 Nc6 12. Nxc6 bxc6 13. Bd3 Bxd3 14. Qxd3 Qc7 15. Qc3 Nh6 16. Bxh6 Rxh6 17. O-O-O Rg6 18. g3 Rg4 19. f4 c5 20. Kb1 Qb6 21. f5 c4 22. Nc1 Rb8 23. b3 cxb3 24. axb3 Rb4 25. fxe6 fxe6 26. Nd3 Rb5 27. Rhf1 a5 28. Nc1 a4 29. Qf3 axb3 30. cxb3 Qa5 31. Qxh5+ Kd7 32. Qe2 Rxb3+ 33. Nxb3 Rxb3+ 34. Qb2 Rxb2+ 35. Kxb2 Qb4+ 36. Kc2 Qc4+ 37. Kd2 Bb4+ 38. Ke3 Qe4+ 39. Kf2 Bc5+ 0-1


[Site "https://www.chess.com"]

[Event "Titled Tuesday Blitz May 30 Late 2023"]
[White "Delorme, Alban"]
[Black "Krishnan, Varun"]
[WhiteFideId "623636"]
[BlackFideId "5054508"]
[WhiteElo "2196"]
[BlackElo "2616"]
[Result "0-1"]
[Round "02"]
[TimeControl "180+2"]
[Date "2023.05.31"]
[WhiteClock "0:00:10"]
[BlackClock "0:00:06"]

1. e4 e5 2. Nf3 Nc6 3. Bc4 Nf6 4. d4 exd4 5. e5 d5 6. Bb5 Ne4 7. Nxd4 Bd7 8. Bxc6 bxc6 9. O-O Be7 10. f3 Ng5 11. f4 Ne4 12. Be3 O-O 13. Nd2 Nxd2 14. Qxd2 c5 15. Nb3 d4 16. Bf2 Bc6 17. Rad1 Qd5 18. Bg3 Rab8 19. c3 d3 20. Rfe1 c4 21. Nd4 Bc5 22. Qf2 Rfd8 23. b3 cxb3 24. axb3 Rxb3 25. Rxd3 Rxc3 26. Rxc3 Bxd4 27. Rce3 Bxe3 28. Rxe3 Rb8 29. h3 a5 30. f5 a4 31. e6 fxe6 32. Bxc7 Rf8 33. Re5 Qd1+ 34. Kh2 a3 35. Rxe6 Bd5 36. Re7 a2 37. Qb2 a1=Q 38. Rxg7+ Kh8 39. Be5 Qg1+ 40. Kg3 Qxg2+ 41. Qxg2 Qxe5+ 42. Kh4 Bxg2 43. Rxg2 Qf4+ 44. Rg4 Qh6+ 45. Kg3 Rg8 46. Kf3 Rxg4 47. hxg4 Kg7 48. g5 Qxg5 49. Ke4 Kf6 0-1


[Site "https://www.chess.com"]

[Event "Titled Tuesday Blitz May 30 Late 2023"]
[White "Djordjevic, Dejan N"]
[Black "Bazeev, German"]
[WhiteFideId "913316"]
[BlackFideId "24119350"]
[WhiteElo "2261"]
[BlackElo "2466"]
[Result "0-1"]
[Round "02"]
[TimeControl "180+2"]
[Date "2023.05.31"]
[WhiteClock "0:00:53"]
[BlackClock "0:02:03"]

1. e4 c5 2. Nc3 Nc6 3. g3 h5 4. h3 h4 5. g4 e6 6. Bg2 Nge7 7. f4 d5 8. d3 d4 9. Nce2 g5 10. fxg5 Ng6 11. Nf3 Bd6 12. c3 e5 13. O-O Be6 14. c4 a6 15. a3 b5 16. b3 Rb8 17. Qc2 bxc4 18. bxc4 Qb6 19. Nd2 Ke7 20. Rf6 Qa5 21. Rb1 Rxb1 22. Qxb1 Rb8 23. Qc2 Rb7 24. Bf1 Nb8 25. Kh2 Nd7 26. Rf2 Nb6 27. Rf6 Qa4 28. Qxa4 Nxa4 29. Ng1 Nc3 30. Ngf3 Na2 31. Rxg6 fxg6 32. Nxh4 Kf7 33. Nf5 Bf8 0-1


[Site "https://www.chess.com"]

[Event "Titled Tuesday Blitz May 30 Late 2023"]
[White "Pakleza, Zbigniew"]
[Black "MariusBieliauskas"]
[WhiteFideId "1119290"]
[WhiteElo "2410"]
[BlackElo "2464"]
[Result "1-0"]
[Round "02"]
[TimeControl "180+2"]
[Date "2023.05.31"]
[WhiteClock "0:00:07"]
[BlackClock "0:00:03"]

1. d4 Nf6 2. Nf3 e6 3. Bf4 c5 4. c3 b6 5. e3 cxd4 6. cxd4 Be7 7. Nc3 O-O 8. h3 Bb7 9. Bd3 d6 10. O-O Nbd7 11. Qe2 Re8 12. Bh2 a6 13. e4 Nf8 14. e5 dxe5 15. dxe5 Nd5 16. Rad1 Nxc3 17. bxc3 Qc7 18. c4 Rad8 19. Be4 Rd7 20. Bxb7 Qxb7 21. h4 Red8 22. Rb1 Qc6 23. h5 h6 24. Bf4 Rd3 25. Rb3 Qxc4 26. Be3 b5 27. Rc1 Qd5 28. Rxd3 Qxd3 29. Qxd3 Rxd3 30. Rc6 Ra3 31. Rc7 Bb4 32. Nd4 Rxa2 33. Nc6 a5 34. Rc8 Ba3 35. Nxa5 b4 36. Rb8 Ra1+ 37. Kh2 Rd1 38. Nc6 Rd7 39. Bc5 Kh7 40. Bxf8 Rd5 41. Nxb4 Rxe5 42. Ra8 Bxb4 43. Bxb4 Rxh5+ 44. Kg1 Rb5 45. Ra4 h5 46. g3 g5 47. Kg2 Kg6 48. Bd2 g4 49. Ra5 Rb2 50. Be3 Rc2 51. Rg5+ Kf6 52. Rxh5 Ra2 53. Rg5 Ra4 54. Rh5 Rc4 55. Rh6+ Kf5 56. Rh1 f6 57. Rh5+ Kg6 58. Rh6+ Kf5 59. Rh8 Ra4 60. Rg8 Rc4 61. Rf8 Kg6 62. Re8 Rc6 63. Rb8 f5 64. Rb6 Rxb6 65. Bxb6 e5 66. Ba5 f4 67. Bc3 Kf5 68. Bd2 f3+ 69. Kf1 Ke4 70. Ke1 Kd3 71. Be3 e4 72. Kd1 Kc3 73. Bf4 Kd3 74. Bd2 1-0


[Site "https://www.chess.com"]

[Event "Titled Tuesday Blitz May 30 Late 2023"]
[White "Makridis, Dimitrios"]
[Black "Urquhart, Ed"]
[WhiteFideId "25864475"]
[BlackFideId "2603748"]
[WhiteElo "2277"]
[BlackElo "2184"]
[Result "1-0"]
[Round "02"]
[TimeControl "180+2"]
[Date "2023.05.31"]
[WhiteClock "0:00:13"]
[BlackClock "0:00:15"]

1. e4 c5 2. Nf3 e6 3. d4 cxd4 4. Nxd4 Nc6 5. Nc3 Qc7 6. a3 a6 7. Be2 Nf6 8. Be3 Be7 9. O-O O-O 10. f4 d6 11. Qe1 Bd7 12. h3 Na5 13. Rd1 Nc4 14. Bxc4 Qxc4 15. e5 Ne8 16. Ne4 Bc6 17. Nxc6 Qxc6 18. Bd4 d5 19. Nc3 g6 20. Kh1 Ng7 21. g4 b5 22. Rd2 a5 23. Ne2 b4 24. axb4 axb4 25. Ng3 Ra2 26. f5 Bc5 27. f6 Ne8 28. Qe3 Bxd4 29. Qxd4 Nc7 30. Qf4 Rfa8 31. Rg2 Ne8 32. Nh5 Ra1 33. Rxa1 Rxa1+ 34. Kh2 Qc4 35. Qxc4 dxc4 36. Ng3 Rd1 37. c3 b3 38. Ne4 Rd5 39. Rd2 Nc7 40. Rxd5 exd5 41. Nd6 Kf8 42. Kg3 Ne8 43. Nb5 h6 44. Kf4 Kg8 45. h4 Kh7 46. g5 Kg8 47. Ke3 Ng7 48. fxg7 Kxg7 49. Nc7 Kf8 50. Nxd5 Ke8 51. Kf4 Kd7 52. h5 Ke6 53. gxh6 Kxd5 54. hxg6 fxg6 55. Kg5 Kxe5 56. h7 Ke4 57. h8=Q Kd3 58. Qd4+ Kc2 59. Qxc4 Kxb2 60. Qb4 Kc2 61. c4 b2 62. c5 Kd3 63. Qxb2 Ke4 64. c6 Kd5 65. c7 Kd6 66. c8=Q Ke7 67. Qb6 1-0


[Site "https://www.chess.com"]

[Event "Titled Tuesday Blitz May 30 Late 2023"]
[White "Barp, Alberto"]
[Black "Rama, Tejas"]
[WhiteFideId "872555"]
[BlackFideId "30907381"]
[WhiteElo "2313"]
[BlackElo "2089"]
[Result "1-0"]
[Round "02"]
[TimeControl "180+2"]
[Date "2023.05.31"]
[WhiteClock "0:00:47"]
[BlackClock "0:00:16"]

1. d4 Nf6 2. c4 e6 3. Nf3 d5 4. g3 dxc4 5. Bg2 c5 6. O-O Nc6 7. Qa4 Bd7 8. Qxc4 b5 9. Qc3 b4 10. Qd3 Rc8 11. dxc5 Bxc5 12. Be3 Qb6 13. Bxc5 Qxc5 14. Nbd2 O-O 15. Rac1 Qe7 16. Rfd1 Rfd8 17. Qa6 Be8 18. Nb3 Rxd1+ 19. Rxd1 Rd8 20. Rc1 Qd6 21. Nfd2 Nd5 22. Ne4 Qd7 23. Nec5 Qe7 24. h4 Ne5 25. Qa5 Rc8 26. e4 Nc6 27. Qa6 Nb6 28. Na4 Nb8 29. Qa5 Rxc1+ 30. Nxc1 Bxa4 31. Nd3 Nc6 32. Qa6 Qd6 33. e5 Qxd3 34. Qxd3 1-0


[Site "https://www.chess.com"]

[Event "Titled Tuesday Blitz May 30 Late 2023"]
[White "Manukyan, Sargis V."]
[Black "Devagharan, Devina"]
[WhiteFideId "13303465"]
[BlackFideId "2061600"]
[WhiteElo "2236"]
[BlackElo "2417"]
[Result "0-1"]
[Round "02"]
[TimeControl "180+2"]
[Date "2023.05.31"]
[WhiteClock "0:00:03"]
[BlackClock "0:00:25"]

1. d4 d5 2. Bg5 Nf6 3. Bxf6 exf6 4. g3 c6 5. Bg2 Bd6 6. Nd2 O-O 7. Ngf3 Re8 8. c4 dxc4 9. O-O Be6 10. Qc2 Nd7 11. Nxc4 Bxc4 12. Qxc4 Nb6 13. Qb3 Rxe2 14. a4 Qc7 15. Rac1 Qd7 16. h4 Rae8 17. h5 Qg4 18. a5 Nd5 19. Nh2 Qg5 20. a6 Ne3 21. Qd3 Bxg3 22. Nf3 Bh2+ 23. Kh1 Qxg2# 0-1


[Site "https://www.chess.com"]

[Event "Titled Tuesday Blitz May 30 Late 2023"]
[White "Smiechu"]
[Black "Turayev, Shahruh"]
[BlackFideId "14003856"]
[WhiteElo "2358"]
[BlackElo "2185"]
[Result "0-1"]
[Round "02"]
[TimeControl "180+2"]
[Date "2023.05.31"]
[WhiteClock "0:00:12"]
[BlackClock "0:01:21"]

1. e4 d5 2. exd5 Qxd5 3. Nf3 Nf6 4. d4 Nc6 5. c4 Qh5 6. Be2 Bg4 7. Nc3 O-O-O 8. Be3 e5 9. d5 e4 10. Nd4 Nxd4 11. Bxd4 Bxe2 12. Nxe2 Bb4+ 13. Bc3 Bxc3+ 14. Nxc3 Qe5 15. O-O h5 16. Re1 Ng4 17. g3 f5 18. Nb5 a6 19. Nd4 h4 20. Nf3 Qd6 21. c5 Qxd5 22. Qxd5 Rxd5 23. Nxh4 g5 24. Ng2 Rd2 25. Ne3 Nxh2 26. Kg2 f4 27. Nc4 Rc2 28. Rxe4 Ng4 29. Rf1 Rh2+ 30. Kg1 Rhxf2 31. Rxf2 Nxf2 32. Rd4 Nh3+ 33. Kh1 fxg3 34. Rg4 Rh2# 0-1


[Site "https://www.chess.com"]

[Event "Titled Tuesday Blitz May 30 Late 2023"]
[White "Ezat, Mohamed"]
[Black "zsizsi99"]
[WhiteFideId "10600906"]
[WhiteElo "2386"]
[BlackElo "2365"]
[Result "1-0"]
[Round "02"]
[TimeControl "180+2"]
[Date "2023.05.31"]
[WhiteClock "0:00:34"]
[BlackClock "0:00:01"]

1. e4 c5 2. d4 cxd4 3. c3 Nf6 4. e5 Nd5 5. Nf3 d6 6. Bc4 dxe5 7. Nxe5 e6 8. O-O Be7 9. Qxd4 O-O 10. Bxd5 Qxd5 11. Qxd5 exd5 12. Re1 Bf6 13. Bf4 g5 14. Bg3 h5 15. h3 Nc6 16. Na3 a6 17. Nc2 Be6 18. Rad1 Rad8 19. Nxc6 bxc6 20. Nb4 d4 21. Nxc6 Rc8 22. Nxd4 Bxd4 23. Rxd4 Bxa2 24. Re5 f6 25. Ra5 Bc4 26. h4 Bb5 27. hxg5 fxg5 28. c4 Rxc4 29. Rxc4 Bxc4 30. Rxg5+ Kh7 31. Rxh5+ Kg6 32. Rc5 Bb5 33. f4 Rf5 34. Rc8 Rd5 35. Be1 Kf5 36. Rf8+ Kg4 37. Kf2 Rf5 38. Rg8+ Kxf4 39. Bc3 Ke4+ 40. Kg1 Rf7 41. Rg5 Kf4 42. Bd2+ Ke4 43. Rg3 Ke5 44. Re3+ Kf6 45. Kh2 Kg6 46. Bc3 Rd7 47. g4 Rd3 48. Re5 Rf3 49. Kg2 Rd3 50. Rc5 Kf7 51. Kf2 Kg6 52. Kg2 Kf7 53. Rg5 1-0


[Site "https://www.chess.com"]

[Event "Titled Tuesday Blitz May 30 Late 2023"]
[White "Sarana, Alexey"]
[Black "Ogreberbere"]
[WhiteFideId "24133795"]
[WhiteElo "2714"]
[BlackElo "2157"]
[Result "1-0"]
[Round "02"]
[TimeControl "180+2"]
[Date "2023.05.31"]
[WhiteClock "0:02:37"]
[BlackClock "0:00:46"]

1. c4 Nf6 2. Nc3 e6 3. e4 d5 4. cxd5 exd5 5. e5 d4 6. exf6 dxc3 7. Bb5+ Bd7 8. Qe2+ Be7 9. fxe7 Qxe7 10. Bxd7+ Nxd7 11. Qxe7+ Kxe7 12. dxc3 Rhe8 13. Nf3 Kf8+ 14. Be3 b6 15. O-O-O Nf6 16. Rd3 Rad8 17. Rhd1 Rxd3 18. Rxd3 h6 19. Bf4 c5 20. h3 Ne4 21. Be3 f5 22. Kc2 g5 23. g3 Re7 24. h4 Rg7 25. hxg5 hxg5 26. Rd5 f4 27. gxf4 gxf4 28. Bxf4 Rf7 29. Ne5 1-0


[Site "https://www.chess.com"]

[Event "Titled Tuesday Blitz May 30 Late 2023"]
[White "Bortnyk, Olexandr"]
[Black "Ansh M Shah"]
[WhiteFideId "14120828"]
[BlackFideId "25033379"]
[WhiteElo "2734"]
[BlackElo "2084"]
[Result "1-0"]
[Round "02"]
[TimeControl "180+2"]
[Date "2023.05.31"]
[WhiteClock "0:03:04"]
[BlackClock "0:01:17"]

1. d4 Nf6 2. Nc3 d5 3. Bf4 a6 4. e3 Bf5 5. Nf3 e6 6. Ne5 Nbd7 7. g4 Bg6 8. h4 Nxe5 9. dxe5 Ne4 10. Nxe4 Bxe4 11. f3 Be7 12. fxe4 Bxh4+ 13. Ke2 Bg5 14. exd5 exd5 15. Bxg5 Qxg5 16. Qxd5 Rd8 17. Qe4 h6 18. Rd1 O-O 19. Rxd8 Rxd8 20. Kf3 Rd2 21. Bd3 c5 22. Qh7+ Kf8 23. Qh8+ Ke7 24. Rh5 Rf2+ 25. Kxf2 Qxg4 26. Rh2 c4 27. Qb8 cxd3 28. Qxb7+ Ke8 29. Qc6+ Ke7 30. Qd6+ Ke8 31. Qxd3 1-0


[Site "https://www.chess.com"]

[Event "Titled Tuesday Blitz May 30 Late 2023"]
[White "Demidov, Mikhail"]
[Black "Carrasco Miranda, Andres"]
[WhiteFideId "4197143"]
[BlackFideId "3405990"]
[WhiteElo "2500"]
[BlackElo "2183"]
[Result "1-0"]
[Round "02"]
[TimeControl "180+2"]
[Date "2023.05.31"]
[WhiteClock "0:00:19"]
[BlackClock "0:00:02"]

1. Nf3 Nf6 2. g3 g6 3. b3 Bg7 4. Bb2 O-O 5. Bg2 d5 6. c4 c6 7. O-O a5 8. Nc3 Na6 9. Rc1 Be6 10. cxd5 cxd5 11. Na4 Rc8 12. Rxc8 Qxc8 13. Nd4 Bd7 14. Nb6 Qd8 15. Nxd7 Qxd7 16. Qb1 e5 17. Nf3 e4 18. Nd4 Rc8 19. Rc1 Nb4 20. Rxc8+ Qxc8 21. a3 Nc6 22. Qc2 Nd7 23. d3 f5 24. dxe4 fxe4 25. Bh3 Bxd4 26. Be6+ Kf8 27. Bxd4 Qe8 28. Bc5+ Kg7 29. Bxd5 Nxc5 30. Qxc5 Qe5 31. Qc4 Nd4 32. Bxb7 e3 33. f4 Qd6 34. Kg2 h5 35. b4 axb4 36. axb4 h4 37. Qc5 Qd7 38. Bc8 h3+ 39. Kf1 Qd8 40. Bxh3 Nb3 41. Qc3+ Qd4 42. Qxd4+ Nxd4 43. Bd7 Kf6 44. b5 Ke7 45. Bc6 Kd6 46. g4 Ne6 47. f5 gxf5 48. gxf5 Nd4 49. f6 Ke6 50. Be8 Kxf6 51. b6 1-0


[Site "https://www.chess.com"]

[Event "Titled Tuesday Blitz May 30 Late 2023"]
[White "Remizov, Yaroslav"]
[Black "Gasparyan, David"]
[WhiteFideId "34134015"]
[BlackFideId "13311980"]
[WhiteElo "2400"]
[BlackElo "2391"]
[Result "1-0"]
[Round "02"]
[TimeControl "180+2"]
[Date "2023.05.31"]
[WhiteClock "0:01:12"]
[BlackClock "0:00:39"]

1. d4 Nf6 2. g3 g6 3. Bg2 d5 4. Nf3 Bg7 5. O-O O-O 6. b3 c5 7. Bb2 Ne4 8. Nbd2 Nc6 9. e3 Qa5 10. Nxe4 dxe4 11. Ne5 cxd4 12. Nxc6 bxc6 13. Bxd4 Qd5 14. c4 Qe6 15. Bxg7 Kxg7 16. Qd4+ Qf6 17. Qxf6+ Kxf6 18. Bxe4 Bb7 19. Rfd1 Rfd8 20. Kg2 Ke5 21. Bf3 Rd6 22. c5 Rdd8 23. b4 Rab8 24. Rxd8 Rxd8 25. b5 Rc8 26. Rd1 Ke6 27. a4 a5 28. h4 Ba8 29. b6 Bb7 30. Be2 Kf6 31. Rd7 Rb8 32. Rc7 Bc8 33. Rxc6+ e6 34. Rxc8 Rxc8 35. b7 Rh8 36. c6 Ke7 37. c7 Kd7 38. b8=Q 1-0


[Site "https://www.chess.com"]

[Event "Titled Tuesday Blitz May 30 Late 2023"]
[White "Hansen, Eric"]
[Black "Papp, Petra"]
[WhiteFideId "2606771"]
[BlackFideId "739049"]
[WhiteElo "2561"]
[BlackElo "2259"]
[Result "1-0"]
[Round "02"]
[TimeControl "180+2"]
[Date "2023.05.31"]
[WhiteClock "0:02:19"]
[BlackClock "0:00:31"]

1. e4 c6 2. Nf3 d5 3. d3 Qc7 4. Be2 e5 5. O-O Nf6 6. Re1 Bd6 7. Nc3 O-O 8. Bg5 Nbd7 9. exd5 Nxd5 10. Ne4 f6 11. Nxd6 Qxd6 12. Bd2 b6 13. Bf1 c5 14. a3 Bb7 15. c3 Rfe8 16. b4 Nf8 17. bxc5 Qxc5 18. d4 exd4 19. cxd4 Qd6 20. Qa4 Bc6 21. Qb3 Ng6 22. a4 h6 23. a5 Kh7 24. Bd3 Rxe1+ 25. Rxe1 Nf4 26. Bxf4 Qxf4 27. Qc2 Be8 28. Rxe8 Rxe8 29. Bxg6+ 1-0


[Site "https://www.chess.com"]

[Event "Titled Tuesday Blitz May 30 Late 2023"]
[White "Hayrapetyan, Hovik"]
[Black "Sliwicki, Damian"]
[WhiteFideId "13302639"]
[BlackFideId "1127128"]
[WhiteElo "2348"]
[BlackElo "2030"]
[Result "0-1"]
[Round "02"]
[TimeControl "180+2"]
[Date "2023.05.31"]
[WhiteClock "0:00:03"]
[BlackClock "0:00:19"]

1. d4 Nf6 2. c4 e5 3. dxe5 Ng4 4. Nf3 Nc6 5. e3 Ngxe5 6. Nxe5 Nxe5 7. Be2 d6 8. O-O Be7 9. Nc3 O-O 10. Nd5 b6 11. b3 Bb7 12. Bb2 Bf6 13. Nxf6+ Qxf6 14. f4 Qg6 15. Rf2 Nd7 16. Bd3 f5 17. Be2 Rae8 18. Bf3 Be4 19. Qd4 Nc5 20. Rd1 Rf7 21. Kh1 Qe6 22. Bh5 Qh6 23. Bxf7+ Kxf7 24. b4 Ne6 25. Qc3 Qh3 26. c5 bxc5 27. bxc5 d5 28. Kg1 Qh5 29. Re1 Rg8 30. c6 Qh6 31. Qe5 g5 32. fxg5 Qxg5 33. g3 h5 34. Ref1 Ke7 35. Rxf5 Qxe3+ 36. R5f2 h4 37. Ba3+ Kd8 38. Qxe6 Rxg3+ 0-1


[Site "https://www.chess.com"]